AoeStats
← Dd

Black Forest

510468973Analyzed
4v4 RM · 18h ago on Oct 1, 2026· 26m 58s· 8 players
Game mode
Random Map
Map size
Large (8 player)
Population
200
Speed
Normal
Resources
Standard
Victory
Conquest
Starting age
Dark Age
Ending age
Imperial Age
RankedLock teamsTeams togetherTeam positionsShared explorationLock speedFull tech treeHidden civsTurbo modeCheats
Victory
Defeat
🇨🇳 Danes · China
1409
+14
🇨🇳 Khmer · China
1394
+15
🇹🇼 Celts · Taiwan
1393
+15
1362
+16
🇻🇳 Franks · Vietnam
1435
-17
🇦🇺 Gurjaras · Australia
1368
-15
🇻🇳 Maya · Vietnam
1356
-15
🇦🇺 Mongols · Australia
1330
-13
JINJIN
4:37 Loom
10:56 Feudal Age
14:59 Castle Age
13:04 Double-Bit Axe
13:09 Gold Mining
15:00 Wheelbarrow
15:57 Bow Saw
15:32 Horse Collar
20:26 Ballistics
22:41 Heavy Plow
26:08 Stone Mining
missed and miss
10:14 Feudal Age
10:46 Double-Bit Axe
19:32 Castle Age
20:34 Bloodlines
20:24 Husbandry
21:02 Light Cavalry
22:49 Wheelbarrow
22:56 Scale Barding Armor
23:02 Forging
25:58 Chain Barding Armor
26:57 Iron Casting
QHB挂b户口本1页
9:16 Loom
11:36 Feudal Age
14:05 Double-Bit Axe
15:52 Fletching
15:48 Horse Collar
24:29 Castle Age
23:56 Padded Archer Armor
25:12 Gold Mining
25:45 Thumb Ring
25:13 Crossbowman
25:59 Bodkin Arrow
Dd
0:49 Loom
10:32 Feudal Age
16:40 Castle Age
16:40 Scale Mail Armor
18:33 Arson
18:48 Squires
24:47 Chain Mail Armor
Tawny
0:45 Loom
3:14 Loom
12:51 Feudal Age
14:03 Double-Bit Axe
17:29 Castle Age
16:47 Wheelbarrow
15:55 Horse Collar
16:08 Stone Mining
18:35 Bow Saw
24:16 Stone Shaft Mining
26:21 Fletching
gifted
1:52 Loom
8:41 Feudal Age
10:39 Double-Bit Axe
13:15 Horse Collar
13:59 Forging
18:03 Scale Barding Armor
28:05 Castle Age
kkkkk1231231
10:51 Feudal Age
14:52 Castle Age
12:46 Double-Bit Axe
16:25 Bow Saw
16:46 Loom
23:21 Scale Barding Armor
25:17 Gold Mining
26:03 Wheelbarrow
25:57 Forging
26:18 Husbandry
VN_BILL
0:28 Loom
11:43 Feudal Age
16:07 Castle Age
14:30 Double-Bit Axe
14:36 Fletching
16:07 Padded Archer Armor
17:02 Bodkin Arrow
Connection lost

Rejoining the realm…

Still unreachable

The connection could not be restored.

Session expired

The server has moved on; the page needs a fresh start.